 Dungeon Crawl Stone Soup version 0.27.1-33-g824d729ab1 (webtiles) character file.

Game seed: 16151724774583646351

4 hilljack the Firebug (level 1, 0/11 HPs)
             Began as a Gargoyle Fire Elementalist on Nov 25, 2021.
             Slain by a hobgoblin (4 damage)
             ... on level 1 of the Dungeon.
             The game lasted 00:00:56 (373 turns).

hilljack the Firebug (Gargoyle Fire Elementalist)    Turns: 373, Time: 00:00:57

Health: 0/11       AC:  4    Str: 11    XL:     1   Next: 60%
Magic:  3/3        EV: 11    Int: 15    God:
Gold:   5          SH:  0    Dex: 10    Spells: 3/4 levels left

rFire    . . .     SeeInvis .   d - +0 spear
rCold    . . .     Faith    .   (no shield)
rNeg     + . .     Spirit   .   a - +0 robe
rPois    ∞         Reflect  .   (no helmet)
rElec    +         Harm     .   (no cloak)
rCorr    .         Rampage  .   (no gloves)
Will     .....                  (no boots)
Stlth    ++........             (no amulet)
HPRegen  0.03/turn              (no ring)
MPRegen  0.08/turn              (no ring)

@: no status effects
A: sickness immunity, AC +2, negative energy resistance 1, electricity
resistance, torment resistance 1, petrification resistance
a: no special abilities


You were on level 1 of the Dungeon.
You visited 1 branch of the dungeon, and saw 1 of its levels.

You collected 5 gold pieces.

Inventory:

Hand Weapons
 b - a +0 mace
 d - a +0 spear (weapon)
Missiles
 c - 72 stones
Armour
 a - a +0 robe (worn)
Scrolls
 e - a scroll of identify {unknown}


   Skills:
 + Level 0.5 Fighting
 - Level 0.3 Maces & Flails
 + Level 0.1 Polearms
 - Level 1.5 Dodging
 - Level 2.1 Stealth
 - Level 2.0 Spellcasting
 - Level 1.1 Conjurations
 - Level 3.0 Fire Magic


You had 3 spell levels left.
You knew the following spells:

 Your Spells              Type           Power      Damage    Failure   Level
a - Foxfire               Conj/Fire      28%        2x1d5     10%         1

Your spell library contained the following spells:

 Spells                   Type           Power      Damage    Failure   Level
 Conjure Flame            Conj/Fire      7%         6-21      28%         3
 Inner Flame              Hex/Fire       6%         N/A       34%         3
 Sticky Flame             Conj/Fire      7%         2d3       67%         4
 Fireball                 Conj/Fire      3%         3d4       95%         5


Dungeon Overview and Level Annotations

Branches:
Dungeon (1/15)

Altars:


Innate Abilities, Weirdness & Mutations

You are immune to sickness and miasma.
Your stone body is resilient. (AC +2)
You are immune to poison.
You resist negative energy. (rN+)
You are resistant to electric shocks. (rElec)
You are resistant to unholy torment.
You are immune to petrification.


Message History

Found 13 stones.
Found a scroll labelled TUGGIG KICEM.
c - 72 stones (gained 13)
Found 5 gold pieces.
e - a scroll labelled TUGGIG KICEM
Found a faded altar of an unknown god.
You now have 5 gold pieces.
As you open the door, it creaks loudly!
There is an open door here.
You open the door.
There is an open door here.
A hobgoblin comes into view.
A hobgoblin is nearby!
A quokka comes into view.
You reach to attack!
You hit the hobgoblin.
The hobgoblin is heavily wounded.
You closely miss the hobgoblin.
The hobgoblin is heavily wounded.
The hobgoblin misses you. The hobgoblin closely misses you.
You barely miss the hobgoblin.
The hobgoblin is heavily wounded.
The quokka barely misses you. The hobgoblin hits you.
You hit the hobgoblin but do no damage.
The hobgoblin is heavily wounded.
The quokka closely misses you. The hobgoblin completely misses you.
You barely miss the hobgoblin.
The hobgoblin is heavily wounded.
The quokka bites you but does no damage.
The hobgoblin hits you.
The quokka bites you but does no damage.
You are too injured to fight recklessly!
You are too injured to fight recklessly!
You are too injured to fight recklessly!
You are too injured to fight recklessly!
You hit the quokka.
You kill the quokka!
You hit the hobgoblin.
The hobgoblin is severely wounded.
The hobgoblin hits you.
You die...

## .# .####.
#...... # ...#...
#. ....... #.#
##....... ##
#..###g..# ..
#..@#### #.####
##.## .....# ###.#
#..#.# #...# ##.#.#
#.### ##.#.## #.###
......# ##...#
....#.######....###
..................+


You could see a hobgoblin.

Vanquished Creatures
  A quokka (D:1)
  A bat (D:1)
  A frilled lizard (D:1)
  A goblin (D:1)
  A rat (D:1)
5 creatures vanquished.

Notes
Turn   | Place    | Note
-------+----------+-------------------------------------------
     0 | D:1      | hilljack the Gargoyle Fire Elementalist began the quest for
                  | the Orb.
     0 | D:1      | Reached XP level 1. HP: 10/10 MP: 3/3
   317 | D:1      | Found a faded altar of an unknown god.
   373 | D:1      | Slain by a hobgoblin

Illustrated notes

Levels and vault maps discovered:
D:1:      dpeg_arrival_arbitrary_c, layout_loops_corners,
          ebering_ecumenical_altar_webs

Action                   || total
-------------------------++-------
Melee: Mace              ||    15
       Spear             ||     7
Armor: Robe              ||    13
Dodge: Dodged            ||    19
